 Dungeon Crawl Stone Soup version 0.30-a0-737-gf23d94013f (webtiles) character file.

Game seed: 2004384522385518357

487 ragingrage the Scratcher (level 6, -10/24 (25) HPs)
             Began as a Felid Transmuter on Feb 1, 2023.
             Shot with an arrow by a centaur (13 damage)
             ... on level 5 of the Dungeon.
             The game lasted 00:06:01 (5273 turns).

ragingrage the Scratcher (Felid Transmuter)         Turns: 5273, Time: 00:06:01

HP:   -10/24 (25)   AC:  2    Str:  6    XL:     6   Next: 89%
MP:   10/10         EV: 17    Int: 17    God:
Gold: 353           SH:  0    Dex: 16    Spells: 2/9 levels left
                                        Lives: 0   Deaths: 1

rFire   . . .      SeeInvis +      - Unarmed
rCold   + . .      Faith    .    (shield unavailable)
rNeg    + . .      Spirit   .    (body armour unavailable)
rPois   .          Reflect  .    (helmet unavailable)
rElec   +          Harm     .    (cloak unavailable)
rCorr   .          Rampage  .    (gloves unavailable)
Will    .....                    (boots unavailable)
Stlth   +++                      (no amulet)
HPRegen 0.24/turn                m - ring of Fugh {rElec rC+ rN+}
MPRegen 0.12/turn                (no ring)

@: lightly drained, quick
A: very small, claws 1, fangs 3, see invisible, speed 1, shaggy fur 2, stealthy
paws, no weapons or thrown items, no armour, multi-lived
a: no special abilities


You were on level 5 of the Dungeon.
You visited 1 branch of the dungeon, and saw 5 of its levels.

You collected 353 gold pieces.

Inventory:

Jewellery
 m - the ring of Fugh (left paw) {rElec rC+ rN+}
   (You found it on level 3 of the Dungeon)

   [ring of positive energy]

   rC:        It protects you from cold.
   rElec:     It insulates you from electricity.
   rN:        It protects you from negative energy.
Wands
 n - a wand of charming (6)
Scrolls
 d - a scroll of poison {unknown}
 f - a scroll of fear {unknown}
 g - a scroll of identify
 h - 2 scrolls of magic mapping
 i - a scroll of immolation {unknown}
 k - 3 scrolls of noise {unknown}
 p - a scroll of blinking {unknown}
 s - a scroll of amnesia {unknown}
Potions
 a - a potion of lignification
 b - a potion of heal wounds {unknown}
 e - 2 potions of resistance {unknown}
 j - a potion of brilliance {unknown}
 l - a potion of attraction {unknown}
 o - a potion of mutation {unknown}
 q - a potion of ambrosia {unknown}
 r - a potion of might {unknown}
 t - a potion of invisibility {unknown}


   Skills:
 - Level 1.0 Fighting
 - Level 2.6 Dodging
 - Level 4.0 Stealth
 + Level 5.5 Unarmed Combat
 - Level 2.0 Spellcasting
 - Level 5.0 Transmutations
 + Level 2.6 Ice Magic


You had 2 spell levels left.
You knew the following spells:

 Your Spells              Type           Power      Damage    Failure   Level
a - Beastly Appendage     Tmut           36%        N/A       2%          1
b - Wereblood             Tmut           18%        N/A       3%          2
c - Ice Form              Ice/Tmut       14%        N/A       38%         4

Your spell library contained the following spells:

 Spells                   Type           Power      Damage    Failure   Level
 Spider Form              Tmut/Pois      10%        N/A       21%         3
 Gell's Gravitas          Tloc           1%         N/A       50%         3
 Teleport Other           Tloc           1%         N/A       50%         3
 Blade Hands              Tmut           9%         N/A       56%         5
 Dispersal                Tloc           0%         N/A       100%        6
 Iron Shot                Conj/Erth      0%         9d1       100%        6
 Animate Armour           Summ/Erth      Unusable   N/A       N/A         4

Dungeon Overview and Level Annotations

Branches:
Dungeon (5/15)
 Temple: D:4-7

Altars:
Elyvilon

Annotations:
D:5 Grinder


Innate Abilities, Weirdness & Mutations

You have sharp claws.
You have razor-sharp teeth.
You have supernaturally acute eyesight. (SInv)
You cover ground quickly. (Speed+)
You are covered in thick fur. (AC +2)
Your paws help you pounce on unaware monsters.
You are incapable of wielding weapons or throwing items.
You cannot wear armour.
You gain extra lives every three experience levels.


Message History

There are monsters nearby!
An ogre comes into view. It is wielding a +0 giant club.
The ogre shouts!
The ogre barely misses you.
The centaur shoots an arrow.
The arrow barely misses you.
The centaur shoots an arrow.
The arrow closely misses you.
The centaur shoots an arrow.
The arrow completely misses you.
The centaur shoots an arrow.
The arrow misses you.
The centaur shoots an arrow.
The arrow barely misses you.
The centaur shoots an arrow.
The arrow hits you!
Ouch! That really hurt!
The centaur shoots an arrow.
The arrow closely misses you.
A scorpion comes into view.
The centaur shoots an arrow.
The arrow misses you.
The centaur shoots an arrow.
The arrow misses you.
The centaur shoots an arrow.
The arrow hits you.
You claw the scorpion!
The scorpion is heavily wounded.
The centaur shoots an arrow.
The arrow hits you!
* * * LOW HITPOINT WARNING * * *
The scorpion stings you.
* * * LOW HITPOINT WARNING * * *
You are lethally poisoned!
The scorpion poisons you!
Unknown command.
You feel better.
The centaur shoots an arrow.
The arrow closely misses you. The scorpion stings you.
* * * LOW HITPOINT WARNING * * *
Unknown command.
You feel better. The scorpion completely misses you.
The centaur shoots an arrow.
The arrow hits you!
Ouch! That really hurt!
* * * LOW HITPOINT WARNING * * *
Okay, then.
As you read the scroll labelled UCWIRE VONESOL, it crumbles to dust.
It is a scroll of identify.
h - 2 scrolls of magic mapping The centaur shoots an arrow.
The arrow hits you!
Ouch! That really hurt!
You die...

# # ##### # #.5.# # #...########
# #..........# #
######[####.....# #
#...##.###......# #
#s..##<.#....#### #
#.@.######.### #...##...#. .#
#...# #.### .# #### #...# #...#
.# ...# ##########...+ #O..####
.# ...# #.......)....# #...c..#
.# #..# #.#####.....c####..###.#
W## <.####.#####..........c.#
#.##...
........#........#####.####....c.


You could see a centaur and a scorpion.

Vanquished Creatures
  An ice beast (D:4)
  An ogre (D:4)
  A phantom (D:5)
  A necrophage (D:5)
  A howler monkey (D:4)
  A jelly (D:4)
  An orc wizard (D:3)
  Robin (D:2)
  3 adders
  2 worms
  2 dart slugs (D:1)
  10 orcs
  4 bats
  7 endoplasms
  13 goblins
  13 hobgoblins
  9 jackals
  6 kobolds
  3 quokkas
  4 ball pythons
  5 frilled lizards
  9 rats
  2 toadstools (D:2)
100 creatures vanquished.

Vanquished Creatures (collateral kills)
  An orc (D:3)
1 creature vanquished.

Vanquished Creatures (others)
  An orc priest (D:3)
  4 toadstools (D:2)
5 creatures vanquished.

Grand Total: 106 creatures vanquished

Notes
Turn   | Place    | Note
-------+----------+-------------------------------------------
     0 | D:1      | ragingrage the Felid Transmuter began the quest for the
                  | Orb.
     0 | D:1      | Reached XP level 1. HP: 9/9 MP: 4/4
   214 | D:1      | Reached XP level 2. HP: 12/12 MP: 4/6
   217 | D:1      | Learned a level 2 spell: Wereblood
   405 | D:1      | Reached skill level 1 in Stealth
   523 | D:1      | Reached XP level 3. HP: 10/15 MP: 7/7
  1501 | D:2      | Noticed Robin
  1510 | D:2      | Reached XP level 4. HP: 19/19 MP: 5/8
  1532 | D:2      | Killed Robin
  2240 | D:3      | Learned a level 4 spell: Ice Form
  2267 | D:3      | Found a white marble altar of Elyvilon.
  2270 | D:3      | Identified the ring of Fugh {rElec rC+ rN+}
  2782 | D:3      | Reached XP level 5. HP: 22/22 MP: 7/9
  3094 | D:4      | Noticed an ice beast
  3209 | D:4      | Noticed an ogre
  3216 | D:4      | Demolished by an ogre
  3217 | D:4      | Reached XP level 4. HP: -18/19 MP: 7/8
  3265 | D:5      | Entered Level 5 of the Dungeon
  3332 | D:5      | Noticed Grinder
  3520 | D:4      | Reached XP level 5. HP: 13/22 MP: 7/9
  3743 | D:4      | Killed an ice beast
  3744 | D:4      | Reached skill level 1 in Ice Magic
  3805 | D:4      | Identified the +1 dagger of Offogiwk {flame, rN++ Str+2
                  | Stlth+}
  3812 | D:4      | HP: 1/26 [ogre/+0 giant club (25)]
  3849 | D:4      | Killed an ogre
  3850 | D:4      | Reached skill level 5 in Unarmed Combat
  3850 | D:4      | Gained mutation: You are covered in thick fur. (AC +2)
                  | [Felid growth]
  3850 | D:4      | Reached XP level 6. HP: 12/25 MP: 10/10
  4886 | D:5      | Reached skill level 5 in Transmutations
  5270 | D:5      | HP: 1/24 [scorpion (1)]
  5273 | D:5      | Shot with an arrow by a centaur

Illustrated notes

Levels and vault maps discovered:
D:1:      scummos_arrival_forest, layout_loops_ring, due_unseen_surprise
D:2:      layout_loops_ring, nicolae_hexahallways, minmay_gold_behind_fungi,
          st_stairs_10, grunt_ministairs_13, columned_hall_lemuel, uniq_robin
D:3:      layout_rooms, lemuel_tele_altar
D:4:      layout_basic
D:5:      layout_basic, uniq_grinder

Skill      XL: |  1  2  3  4  5  6 |
---------------+-------------------+-----
Stealth        | 1 2 3 4 |  4.0
Transmutations | 3 4 5 |  5.0
Unarmed Combat | 4 5 |  5.5
Ice Magic      | 2 |  2.6
Fighting       | |  1.0
Dodging        | |  2.6
Spellcasting   | |  2.0

Action                     |  1- 3 |  4- 6 || total
---------------------------+-------+-------++-------
  Melee: Unarmed           |    95 |   189 ||   284
         Headbutt          |    11 |    25 ||    36
         Bite              |     4 |    20 ||    24
         Punch             |     3 |     5 ||     8
   Cast: Beastly Appendage |    22 |    26 ||    48
         Wereblood         |    15 |    21 ||    36
         Ice Form          |       |     2 ||     2
  Evoke: Wand              |       |     2 ||     2
    Use: Potion            |       |     3 ||     3
         Scroll            |       |     1 ||     1
   Stab: Sleeping          |     6 |     4 ||    10
 Armour: Skin              |     5 |    12 ||    17
  Dodge: Dodged            |    82 |   116 ||   198

Table legend: (Time is in decaauts)
 A = Elapsed time spent in this place.
 B = Non-inter-level travel time spent in this place.
 C = Inter-level travel time spent in this place.
 D = Time resting spent in this place.
 E = Time spent auto-exploring this place.
 F = Levels seen in this place.
 G = Mean time per level.
                   A        B        C        D        E       F      G
               +--------+--------+--------+--------+--------+-----+--------+
         Total |   4639 |   4526 |    113 |    925 |   2703 |   5 |  927.8 |
       Dungeon |   4639 |   4526 |    113 |    925 |   2703 |   5 |  927.8 |
               +--------+--------+--------+--------+--------+-----+--------+

Top non-repeatable levels by time:
     D:4: 1484 daAuts
     D:1: 925 daAuts
     D:2: 898 daAuts
     D:3: 767 daAuts
     D:5: 564 daAuts
